 Dungeon Crawl Stone Soup version 0.26.0-41-g79a4fc7684 (webtiles) character file.

Game seed: 7066812754356608296

2333 DasRunzen the Envoy of Void (level 9, -10/69 HPs)
             Began as a Demonspawn Abyssal Knight on Jan 26, 2021.
             Was a High Priest of Lugonu.
             Mangled by an orc warrior
             ... wielding a +0 dire flail
              (20 damage)
             ... on level 7 of the Dungeon.
             The game lasted 00:12:16 (6755 turns).

DasRunzen the Envoy of Void (DsAK)                  Turns: 6755, Time: 00:12:16

Health: -10/69     AC:  8    Str: 16    XL:     9   Next: 19%
Magic:  14/14      EV: 15    Int:  9    God:    Lugonu [*****.]
Gold:   479        SH: 10    Dex: 13    Spells: 8/8 levels left

rFire    . . .     SeeInvis .   h - +3 spear (vamp)
rCold    . . .     Faith    .   l - +1 kite shield
rNeg     + . .     Spirit   .   b - +0 leather armour
rPois    .         Reflect  .   (helmet restricted)
rElec    .         Harm     .   a - +2 cloak
rCorr    .         Rampage  .   (no gloves)
Will     .....                  (no boots)
Stlth    +.........             (no amulet)
HPRegen  0.21/turn              j - +4 ring of evasion
MPRegen  0.14/turn              v - -4 ring of intelligence (curse)

@: no status effects
A: horns 2, demonic guardian 1, negative energy resistance 1, 50% torment
resistance, sharp scales 2
a: Renounce Religion, Depart the Abyss, Bend Space, Banish, Corrupt, Enter the
Abyss


You were on level 7 of the Dungeon.
You worshipped Lugonu.
Lugonu was extremely pleased with you.
You visited 1 branch of the dungeon, and saw 8 of its levels.
You visited the Abyss 1 time.

You collected 479 gold pieces.

Inventory:

Hand Weapons
 h - a +3 vampiric spear (weapon)
Armour
 a - a +2 cloak (worn)
 b - a +0 leather armour (worn)
 l - a +1 kite shield (worn)
Jewellery
 j - a +4 ring of evasion (left hand)
 u - an uncursed ring of magical power
 v - a cursed -4 ring of intelligence (right hand)
Wands
 f - a wand of flame (20)
 q - a wand of random effects (11)
Scrolls
 c - 5 scrolls of identify
 d - 3 scrolls of teleportation
 i - 3 scrolls of magic mapping
 p - a scroll of fog
Potions
 e - 6 potions of curing
 g - 5 potions of flight
 k - a potion of ambrosia
 m - a potion of cancellation
 n - a potion of haste
 o - a potion of resistance
 s - a potion of magic


   Skills:
 + Level 6.0 Fighting
 + Level 5.0 Polearms
 + Level 5.0 Armour
 + Level 4.5 Dodging
 + Level 3.4 Shields
 + Level 7.2 Invocations


You had 8 spell levels left.
You didn't know any spells.
Your spell library contained the following spells:

 Spells                   Type           Power        Failure   Level
 Sting                    Tmut/Pois      0%           91%         1
 Poisonous Vapours        Pois/Air       0%           97%         2
 Ignite Poison            Fire/Tmut/Pois 0%           100%        3
 Mephitic Cloud           Conj/Pois/Air  0%           100%        3
 Olgreb's Toxic Radiance  Pois           0%           100%        4


Dungeon Overview and Level Annotations

Branches:
Dungeon (8/15)             Temple (0/1) D:4
   Lair: D:8-11

Altars:
Cheibriados
Kikubaaqudgha
Nemelex Xobeh
Okawaru
Trog
Wu Jian


Innate Abilities, Weirdness & Mutations

You have a pair of horns on your head.
A weak demonic guardian rushes to your aid.
You resist negative energy. (rN+)
You are somewhat able to resist unholy torments (1 in 2 success).
You are mostly covered in razor-sharp scales. (AC +2, Slay +2)


Message History

The orc warrior barely misses you.
You hit the orc warrior but do no damage.
You headbutt the orc warrior.
The orc warrior is heavily wounded.
The orc warrior hits you with a +0 dire flail!
You are too injured to fight recklessly!
You are too injured to fight recklessly!
You are too injured to fight recklessly!
You barely miss the orc warrior.
The orc warrior is heavily wounded.
You block the orc warrior's attack.
You barely miss the orc warrior.
The orc warrior is heavily wounded.
The orc warrior hits you with a +0 dire flail!!
* * * LOW HITPOINT WARNING * * *
Unknown command.
You hit the orc warrior.
You feel better.
The orc warrior is heavily wounded.
The orc warrior hits you with a +0 dire flail!!
You die...

#.......#........#..........).).#
#.......#........#.............>#
#.......#........#..............+
#.......#........#..............#
#.......#........#..............#
#.......#........#..............#
#.......#.....>l.#..............#
#.......##...##o##'#########'####
.........#...#.5@................
.........#...#.5.................
.........#...#...................
.........#...#...................
.........#####...........(.......
##.................###'#####'####
.#.................'............'
.#.................#............#
.#.................#............#


You could see an orc warrior, an iguana, a friendly iron imp (summoned) and a
friendly shadow imp (summoned).

Vanquished Creatures
  Grinder (D:3)
  An orc warrior (D:6)
  A sky beast (D:5)
  An ice beast (D:6)
  2 ogres (D:7)
  2 centaurs
  A gnoll sergeant (D:7)
  2 scorpions
  A howler monkey (D:5)
  A jelly (D:5)
  2 orc priests
  2 hounds
  2 bullfrog skeletons
  A centaur skeleton (D:4)
  10 orc wizards
  3 iguanas
  6 worker ants
  2 hound zombies (D:7)
  A hound skeleton (D:5)
  A worker ant zombie (D:5)
  6 gnolls
  12 river rats (D:5)
  13 adders
  3 shadow imps
  An ooze (D:3)
  2 adder zombies
  2 adder skeletons
  2 worms (D:2)
  2 dart slugs
  5 leopard geckos
  30 orcs
  5 giant cockroaches
  6 goblins
  2 hobgoblins (D:2)
  7 quokkas
  7 bats
  2 frilled lizards
  A jackal skeleton (D:3)
  6 kobolds
  A leopard gecko skeleton (D:3)
  A leopard gecko zombie (D:5)
  2 quokka zombies
  20 rats
181 creatures vanquished.

Vanquished Creatures (collateral kills)
  A phantom (D:7)
  A big kobold (D:7)
  An orc wizard (D:7)
  A worker ant (D:7)
  2 gnolls (D:3)
  An adder (D:5)
  9 orcs
  A ball python (D:4)
  A jackal (D:5)
  4 kobolds (D:7)
  A quokka skeleton (D:7)
23 creatures vanquished.

Vanquished Creatures (others)
  4 withered plants (D:3)
4 creatures vanquished.

Grand Total: 208 creatures vanquished

Notes
Turn   | Place    | Note
-------+----------+-------------------------------------------
     0 | Abyss:1  | DasRunzen the Demonspawn Abyssal Knight began the quest for
                  | the Orb.
     0 | Abyss:1  | Reached XP level 1. HP: 18/18 MP: 2/2
    40 | Abyss:1  | Noticed a manticore zombie
    56 | Abyss:1  | Found a corrupted altar of Lugonu.
    61 | D:1      | Escaped the Abyss
   201 | D:1      | Reached skill level 1 in Dodging
   721 | D:1      | Gained mutation: A weak demonic guardian rushes to your
                  | aid. [demonic ancestry]
   721 | D:1      | Reached XP level 2. HP: 7/24 MP: 4/4
  1112 | D:2      | Gained mutation: You are partially covered in razor-sharp
                  | scales. (AC +1, Slay +1) [demonic ancestry]
  1112 | D:2      | Reached XP level 3. HP: 29/29 MP: 5/5
  1134 | D:2      | Reached skill level 3 in Invocations
  1332 | D:2      | You fall into a shaft and drop 1 floor!
  1339 | D:3      | Reached ** piety under Lugonu
  1354 | D:3      | Gained mutation: You have a pair of small horns on your
                  | head. [demonic ancestry]
  1354 | D:3      | Reached XP level 4. HP: 35/35 MP: 6/6
  1702 | D:3      | Found an ancient bone altar of Kikubaaqudgha.
  1740 | D:3      | Reached XP level 5. HP: 42/42 MP: 7/7
  1751 | D:3      | Noticed Grinder
  1764 | D:3      | Killed Grinder
  1765 | D:3      | Reached skill level 4 in Invocations
  1765 | D:3      | Gained mutation: You have a pair of horns on your head.
                  | [demonic ancestry]
  1765 | D:3      | Reached XP level 6. HP: 44/48 MP: 7/9
  2703 | D:4      | Reached *** piety under Lugonu
  2800 | D:4      | Gained mutation: You are mostly covered in razor-sharp
                  | scales. (AC +2, Slay +2) [demonic ancestry]
  2800 | D:4      | Reached XP level 7. HP: 45/55 MP: 10/10
  3009 | D:4      | Found a snail-covered altar of Cheibriados.
  3023 | D:4      | Reached skill level 5 in Invocations
  3086 | D:4      | Found a staircase to the Ecumenical Temple.
  3472 | D:5      | Entered Level 5 of the Dungeon
  3505 | D:5      | Reached skill level 1 in Shields
  3795 | D:5      | Found an iron altar of Okawaru.
  3830 | D:5      | Reached skill level 5 in Fighting
  3877 | D:5      | Reached **** piety under Lugonu
  3900 | D:5      | Gained mutation: You resist negative energy. (rN+) [demonic
                  | ancestry]
  3900 | D:5      | Reached XP level 8. HP: 62/62 MP: 12/12
  4110 | D:5      | Reached skill level 6 in Invocations
  4850 | D:6      | Reached ***** piety under Lugonu
  5884 | D:7      | Found a sparkling altar of Nemelex Xobeh.
  5885 | D:7      | Found an ornate altar of the Wu Jian Council.
  5888 | D:7      | Found a bloodstained altar of Trog.
  5939 | D:7      | Gained mutation: You are somewhat able to resist unholy
                  | torments (1 in 2 success). [demonic ancestry]
  5939 | D:7      | Reached XP level 9. HP: 43/69 MP: 14/14
  6115 | D:7      | Reached skill level 7 in Invocations
  6141 | D:7      | Reached skill level 5 in Polearms
  6259 | D:7      | Reached skill level 5 in Armour
  6755 | D:7      | Mangled by an orc warrior

Illustrated notes

Levels and vault maps discovered:
D:1:      minmay_arrival_arboretum_small, layout_basic
D:2:      layout_loops_ring
D:3:      layout_loops_ring, old_standard_altar, serial_undead, serial_undead_c,
          serial_undead_f, serial_undead_b, serial_undead_b, uniq_grinder
D:4:      layout_basic, cheibriados_altar_1, temple_hall
D:5:      lemuel_ratsnest, layout_basic, kennysheep_okawaru_gauntlet
D:6:      layout_loops_ring
D:7:      layout_gridville, minitemple
D:8:      cheibrodos_steamvent, layout_cave_pools, serial_co_window_serial,
          co_window_corner_a, co_window_of_opportunity_a, co_window_paths_a,
          co_window_paths_b, co_window_paths_b, co_window_corner_b,
          co_window_of_opportunity_b, co_window_unsneaky_path_a,
          co_window_corner_b, co_window_of_opportunity_b, co_window_cross_4,
          glass_columns_a, glass_columns_b, glass_columns_a, glass_columns_a,
          glass_columns_a, serial_shops,
          nicolae_shop_temple_entry_statues_fountains, enter_ossuary_2,
          chequers_serial_rivers_small_a

Skill      XL: |  1  2  3  4  5  6  7  8  9 |
---------------+----------------------------+-----
Dodging        | 1 2 3 4 |  4.5
Polearms       | 2 3 4 5 |  5.0
Armour         | 2 3 4 5 |  5.0
Invocations    | 3 4 5 6 7 |  7.2
Fighting       | 4 5 6 |  6.0
Shields        | 1 3 |  3.4

Action                   |  1- 3 |  4- 6 |  7- 9 || total
-------------------------+-------+-------+-------++-------
Melee: Spear             |   113 |   183 |   518 ||   814
       Headbutt          |       |    25 |    74 ||    99
Evoke: Wand              |       |     1 |       ||     1
  Use: Potion            |     1 |       |       ||     1
       Scroll            |     7 |     4 |     8 ||    19
 Stab: Sleeping          |     2 |       |     2 ||     4
       Distracted        |       |       |     1 ||     1
Armor: Leather armour    |    21 |    49 |    82 ||   152
Dodge: Dodged            |    40 |    85 |   161 ||   286
Block: Kite shield       |       |       |   147 ||   147
